Login

Texas Stars vs Bakersfield Condors

Created - 23 March 2024 at 00:13

Goals
1 2 3 T
Texas Stars 0 1 3 4
Bakersfield Condors 0 2 0 2
Shots
1 2 3 T
Texas Stars 3 3 5 11
Bakersfield Condors 3 7 7 17

GoalsPenalties
1st period
No Goal
No Penalty
2nd period
1. Bakersfield Condors , Drake Caggiula 5 (Raphael Lavoie 3) at 0:34 (PP)
2. Texas Stars , Alex Galchenyuk 3 (Wyatt Johnston 12, Thomas Harley 9) at 4:11 (SH)
3. Bakersfield Condors , Noel Hoefenmayer 1 (Xavier Bourgault 5, James Hamblin 2) at 4:23 (PP)
Derrick Pouliot (TEX) for Tripping (Minor) at 0:07
Josiah Slavin (TEX) for Holding (Minor) at 3:55
3rd period
4. Texas Stars , Mavrik Bourque 4 (Wyatt Johnston 13) at 2:03 (PP)
5. Texas Stars , Wyatt Johnston 8 (Derrick Pouliot 5) at 2:13
6. Texas Stars , Alex Galchenyuk 4 (Wyatt Johnston 14, Thomas Harley 10) at 3:51
Ty Tullio (BAK) for Holding (Minor) at 2:00
Philip Kemp (BAK) for Interference (Minor) at 11:31
Goalie Stats
Aaron Dell (TEX), 15 saves from 17 shots - (0.882), W, 5-2-1, 60:00 minutes
Calvin Pickard (BAK), 0 saves from 0 shots - (0.000), 16:09 minutes
Olivier Rodrigue (BAK), 7 saves from 11 shots - (0.636), L, 0-3-2, 43:51 minutes
3 StarsOfficial
1 - Wyatt Johnston (TEX)
2 - Alex Galchenyuk (TEX)
3 - Thomas Harley (TEX)
Referees : Mitch Dunning and Mike Duco
Linesman : Brian Mach and Jonny Murray
Game Note
Calvin Pickard enters game at 3:51 of 3rd period
Finance
Level 1 -- Attendance: 1886 (94.30%) -- Ticket Income $66,010
Level 2 -- Attendance: 915 (91.50%) -- Ticket Income $13,725
Total Attendance: 2801 (93.37%)
Total Ticket Income: $79,735
Other Income: $39,070
Total Income: $118,805



Team Name Goals Shots Shots Attemp Shots Blocked PIM HIT PP PK FO%
Texas Stars 41126114131 / 2 (50%)258%
Bakersfield Condors 2174054202 / 2 (100%)142%

Texas Stars
Player Name POS G A P +/- PIM HIT SHT SB MP PP MP PP SHT PK MP PK SHT FO% FOT GA TA
Aarne TalvitieC000002008:100:1500:0000% 000
Alex GalchenyukC2022013018:260:4700:551100% 201
Alex PetersD0000000016:160:0000:2700% 000
Alexander PetrovicD0000000018:030:5800:0000% 001
Antonio StrangesRW0000001015:250:0000:0000% 000
Derrick PouliotD0113200419:431:0400:2800% 010
Fredrik KarlstromC0000001014:520:0000:00017% 600
Jerad RosburgD000001007:290:0000:0000% 000
Joel HanleyD0000000018:360:5800:0000% 000
Josiah DidierD0000020215:590:0000:0000% 000
Josiah SlavinLW0000211016:040:4700:0000% 000
Mavrik BourqueRW1011003219:411:0010:0000% 000
Nicholas CaamanoRW0000000015:400:4700:000100% 100
Oskar BackC0001000117:030:0000:00050% 200
Riley DamianiLW0001010019:251:0000:0000% 100
Scott ReedyC0000030010:170:1500:000100% 201
Thomas HarleyD0223000125:181:0400:5500% 021
Wyatt JohnstonC1343022122:361:1500:55063% 1910
Bakersfield Condors
Player Name POS G A P +/- PIM HIT SHT SB MP PP MP PP SHT PK MP PK SHT FO% FOT GA TA
Ben GleasonD000-1000017:300:5201:1200% 000
Cam DineenD000-1021222:020:0300:5000% 000
Carl BerglundC000000006:230:0000:3000% 000
Carter SavoieLW000002009:120:0000:0000% 100
Connor BrownRW000-1012020:150:0000:00038% 800
Drake CaggiulaLW101-1013017:550:0710:37067% 611
Greg McKeggC000-1000016:150:0700:00083% 600
James HamblinLW011-1021017:100:4800:430100% 121
Markus NiemelainenD000-1011020:500:0000:0000% 000
Noah PhilpLW000-1040017:140:4800:10025% 400
Noel HoefenmayerD101-1011217:140:5211:1200% 000
Philip BrobergD000-1041021:510:0000:5000% 001
Philip KempD000-1200021:060:0300:0000% 001
Raphael LavoieRW011-1002117:000:0701:0400% 310
Seth GriffithRW0000000014:520:0000:0000% 000
Ty TullioRW000-1210019:010:0000:0000% 100
Xavier BourgaultRW011-2015021:480:4811:0000% 300
Zach TsekosC000000000:180:0000:0000% 000

Texas Stars

5 vs 5 Forward
Line #Left WingCenterRight WingPHYDFOFWanted %Time %Time Play
1Riley DamianiWyatt JohnstonMavrik Bourque1224034%19:36
2Josiah SlavinAlex GalchenyukNicholas Caamano1223033%18:37
3Oskar BackFredrik KarlstromAntonio Stranges1222025%14:24
4Wyatt JohnstonOskar BackAlex Galchenyuk122108%4:26
5 vs 5 Defense
Line #DefenseDefensePHYDFOFWanted %Time %Time Play
1Thomas HarleyDerrick Pouliot1224032%18:12
2Alexander PetrovicJoel Hanley1223030%17:05
3Josiah DidierAlex Peters1222026%14:50
4Jerad RosburgThomas Harley1221012%6:56
Power Play Forward
Line #Left WingCenterRight WingPHYDFOFWanted %Time %Time Play
1Riley DamianiWyatt JohnstonMavrik Bourque1226061%1:15
2Josiah SlavinAlex GalchenyukNicholas Caamano1224039%0:47
Power Play Defense
Line #DefenseDefensePHYDFOFWanted %Time %Time Play
1Thomas HarleyDerrick Pouliot1226052%1:04
2Alexander PetrovicJoel Hanley1224048%0:58
Penalty Kill 4 Players Forward
Line #CenterWingPHYDFOFWanted %Time %Time Play
1Wyatt JohnstonAlex Galchenyuk12260100%0:55
2Fredrik KarlstromMavrik Bourque122400%0:00
Penalty Kill 4 Players Defense
Line #DefenseDefensePHYDFOFWanted %Time %Time Play
1Thomas HarleyDerrick Pouliot12260100%0:55
2Alexander PetrovicJoel Hanley122400%0:00
Penalty Kill 3 Players
Line #WingPHYDFOFWanted %Time %Time PlayDefenseDefensePHYDFOFWanted %Time %Time Play
1Wyatt Johnston122600%0:00 Thomas HarleyDerrick Pouliot122600%0:00
2Alex Galchenyuk122400%0:00 Alexander PetrovicJoel Hanley122400%0:00
4 vs 4 Forward
Line #CenterWingPHYDFOFWanted %Time %Time Play
1Wyatt JohnstonAlex Galchenyuk122600%0:00
2Fredrik KarlstromMavrik Bourque122400%0:00
4 vs 4 Defense
Line #DefensePHYDFOFWanted %Time %Time Play
1Thomas HarleyDerrick Pouliot122600%0:00
2Alexander PetrovicJoel Hanley122400%0:00
Last Minutes Offensive
Left WingCenterRight WingDefenseDefense
Riley DamianiWyatt JohnstonMavrik BourqueThomas HarleyDerrick Pouliot
Last Minutes Defensive
Left WingCenterRight WingDefenseDefense
Riley DamianiWyatt JohnstonMavrik BourqueThomas HarleyDerrick Pouliot
Time
Total ForwardTotal DefenseLast Minutes OffensiveLast Minutes Defensive
60:00 60:00 0:000:00
Extra Forwards
Normal PowerPlayPenalty Kill
Scott Reedy, Aarne Talvitie, Antonio StrangesScott Reedy, Aarne TalvitieAntonio Stranges
Extra Defensemen
Normal PowerPlayPenalty Kill
Josiah Didier, Alex Peters, Jerad RosburgJosiah Didier, Alex PetersJerad Rosburg
Penalty Shots
Wyatt Johnston, Alex Galchenyuk, Fredrik Karlstrom, Mavrik Bourque, Oskar Back
Goalie
Aaron Dell, Matt 98 Murray
Custom OT Lines Forwards
Wyatt Johnston, Alex Galchenyuk, Fredrik Karlstrom, Mavrik Bourque, Oskar Back, Scott Reedy, Riley Damiani, Aarne Talvitie, Nicholas Caamano, Josiah Slavin
Custom OT Lines Defensemen
Thomas Harley, Derrick Pouliot, Alexander Petrovic, Joel Hanley, Josiah Didier
Scratches
Artem Grushnikov (Healthy), Remi Poirier (Healthy)

Bakersfield Condors

5 vs 5 Forward
Line #Left WingCenterRight WingPHYDFOFWanted %Time %Time Play
1Ty TullioConnor BrownXavier Bourgault1224036%20:37
2Drake CaggiulaGreg McKeggRaphael Lavoie1223035%19:44
3James HamblinNoah PhilpSeth Griffith1222023%13:11
4Noah PhilpDrake CaggiulaXavier Bourgault122106%3:31
5 vs 5 Defense
Line #DefenseDefensePHYDFOFWanted %Time %Time Play
1Philip BrobergMarkus Niemelainen1224037%20:51
2Philip KempCam Dineen1223028%16:07
3Ben GleasonNoel Hoefenmayer1222027%15:09
4Cam DineenPhilip Kemp122109%4:56
Power Play Forward
Line #Left WingCenterRight WingPHYDFOFWanted %Time %Time Play
1Xavier BourgaultNoah PhilpJames Hamblin1226087%0:48
2Drake CaggiulaGreg McKeggRaphael Lavoie1224013%0:07
Power Play Defense
Line #DefenseDefensePHYDFOFWanted %Time %Time Play
1Ben GleasonNoel Hoefenmayer1226095%0:52
2Philip KempCam Dineen122405%0:03
Penalty Kill 4 Players Forward
Line #CenterWingPHYDFOFWanted %Time %Time Play
1Raphael LavoieXavier Bourgault1226089%1:48
2Drake CaggiulaJames Hamblin1224011%0:14
Penalty Kill 4 Players Defense
Line #DefenseDefensePHYDFOFWanted %Time %Time Play
1Noel HoefenmayerBen Gleason1226059%1:12
2Philip KempCam Dineen1224041%0:50
Penalty Kill 3 Players
Line #WingPHYDFOFWanted %Time %Time PlayDefenseDefensePHYDFOFWanted %Time %Time Play
1Drake Caggiula122600%0:00 Noel HoefenmayerBen Gleason122600%0:00
2James Hamblin122400%0:00 Philip KempCam Dineen122400%0:00
4 vs 4 Forward
Line #CenterWingPHYDFOFWanted %Time %Time Play
1Noah PhilpRaphael Lavoie122600%0:00
2Drake CaggiulaJames Hamblin122400%0:00
4 vs 4 Defense
Line #DefensePHYDFOFWanted %Time %Time Play
1Ben GleasonNoel Hoefenmayer122600%0:00
2Philip KempCam Dineen122400%0:00
Last Minutes Offensive
Left WingCenterRight WingDefenseDefense
James HamblinConnor BrownDrake CaggiulaPhilip BrobergCam Dineen
Last Minutes Defensive
Left WingCenterRight WingDefenseDefense
James HamblinConnor BrownDrake CaggiulaPhilip BrobergCam Dineen
Time
Total ForwardTotal DefenseLast Minutes OffensiveLast Minutes Defensive
60:00 60:00 0:000:00
Extra Forwards
Normal PowerPlayPenalty Kill
Ty Tullio, Carter Savoie, James HamblinTy Tullio, Carter SavoieJames Hamblin
Extra Defensemen
Normal PowerPlayPenalty Kill
Ben Gleason, Noel Hoefenmayer, Philip KempBen Gleason, Noel HoefenmayerPhilip Kemp
Penalty Shots
Noah Philp, Xavier Bourgault, Drake Caggiula, Raphael Lavoie, James Hamblin
Goalie
Olivier Rodrigue, Calvin Pickard
Custom OT Lines Forwards
Carter Savoie, Connor Brown, Drake Caggiula, Ty Tullio, James Hamblin, Raphael Lavoie, Seth Griffith, Noah Philp, Xavier Bourgault, Greg McKegg
Custom OT Lines Defensemen
Philip Broberg, Noel Hoefenmayer, Philip Kemp, Cam Dineen, Ben Gleason
Scratches
Dylan Holloway (Exhaustion), Kyle Mayhew (Healthy), Lane Pederson (Exhaustion), Ryan Fanti (Healthy)


Play-by-Play

1st period


0:01 of 1st period - Connor Brown wins face-off versus Riley Damiani in neutral zone.
0:04 of 1st period - Slapshot by Philip Broberg.
0:04 of 1st period - Shot Misses the Net.
0:06 of 1st period - Snap shot by Xavier Bourgault.
0:06 of 1st period - Stopped by Aaron Dell without a rebound.
0:07 of 1st period - Wyatt Johnston wins face-off versus Xavier Bourgault in Texas Stars zone.
0:07 of 1st period - Wyatt Johnston is hit by Philip Broberg.
0:24 of 1st period - Wyatt Johnston is hit by Philip Broberg and loses puck.
1:32 of 1st period - Mavrik Bourque is hit by Philip Broberg and loses puck.
2:00 of 1st period - Wrist shot by Connor Brown.
2:00 of 1st period - Stopped by Aaron Dell with a rebound.
2:28 of 1st period - Slapshot by Connor Brown.
2:28 of 1st period - Stopped by Aaron Dell with a rebound.
2:30 of 1st period - Slapshot by Philip Broberg.
2:30 of 1st period - Shot Blocked by Derrick Pouliot.
2:38 of 1st period - Backhand shot by Connor Brown.
2:38 of 1st period - Shot Misses the Net.
2:40 of 1st period - Slapshot by Markus Niemelainen.
2:40 of 1st period - Shot Hit the Post.
3:06 of 1st period - Wyatt Johnston is hit by Philip Broberg.
3:16 of 1st period - Wrist shot by Mavrik Bourque.
3:16 of 1st period - Stopped by Olivier Rodrigue without a rebound.
3:17 of 1st period - Alex Galchenyuk wins face-off versus Greg McKegg in Bakersfield Condors zone.
3:22 of 1st period - Wrist shot by Alex Galchenyuk.
3:22 of 1st period - Shot Misses the Net.
3:30 of 1st period - Snap shot by Alex Galchenyuk.
3:30 of 1st period - Stopped by Olivier Rodrigue with a rebound.
3:46 of 1st period - Alexander Petrovic is hit by Noah Philp and loses puck.
4:06 of 1st period - Off-side.
4:07 of 1st period - Alex Galchenyuk wins face-off versus Noah Philp in neutral zone.
4:48 of 1st period - Snap shot by Josiah Slavin.
4:48 of 1st period - Stopped by Olivier Rodrigue without a rebound.
4:49 of 1st period - Greg McKegg wins face-off versus Fredrik Karlstrom in Bakersfield Condors zone.
5:02 of 1st period - Snap shot by Drake Caggiula.
5:02 of 1st period - Deflect By Raphael Lavoie.
5:02 of 1st period - Shot Misses the Net.
5:02 of 1st period - Puck is out of play.
5:03 of 1st period - Greg McKegg wins face-off versus Fredrik Karlstrom in Texas Stars zone.
5:30 of 1st period - Alexander Petrovic is hit by Cam Dineen and loses puck.
6:07 of 1st period - Fredrik Karlstrom is hit by James Hamblin.
6:43 of 1st period - Raphael Lavoie is hit by Jerad Rosburg and loses puck.
7:00 of 1st period - Seth Griffith is hit by Scott Reedy and loses puck.
7:37 of 1st period - Connor Brown is hit by Josiah Didier and loses puck.
9:54 of 1st period - Drake Caggiula is hit by Josiah Slavin and loses puck.
10:17 of 1st period - Snap shot by Joel Hanley.
10:17 of 1st period - Shot Blocked by Raphael Lavoie.
10:30 of 1st period - Icing by Wyatt Johnston.
10:31 of 1st period - James Hamblin wins face-off versus Fredrik Karlstrom in Texas Stars zone.
15:32 of 1st period - Philip Kemp is hit by Josiah Didier and loses puck.
16:29 of 1st period - Philip Broberg is hit by Aarne Talvitie and loses puck.
18:17 of 1st period - Josiah Didier is hit by Drake Caggiula and loses puck.
19:51 of 1st period - Icing by Josiah Slavin.
19:52 of 1st period - Scott Reedy wins face-off versus Drake Caggiula in Texas Stars zone.
19:52 of 1st period - Scott Reedy is hit by Carter Savoie.
Goals for this period are 0 for Texas Stars vs 0 for Bakersfield Condors.
Shots for this period are 3 for Texas Stars vs 3 for Bakersfield Condors.

2nd period


0:01 of 2nd period - Drake Caggiula wins face-off versus Wyatt Johnston in neutral zone.
0:04 of 2nd period - Wrist shot by Xavier Bourgault.
0:04 of 2nd period - Stopped by Aaron Dell without a rebound.
0:05 of 2nd period - Wyatt Johnston wins face-off versus Connor Brown in Texas Stars zone.
0:07 of 2nd period - Minor Penalty to Derrick Pouliot for Tripping.
0:08 of 2nd period - Wyatt Johnston wins face-off versus Noah Philp in Texas Stars zone.
0:34 of 2nd period - Snap shot by Drake Caggiula.
0:34 of 2nd period - Goal by Drake Caggiula - Texas Stars : 0 - Bakersfield Condors : 1.
0:35 of 2nd period - Wyatt Johnston wins face-off versus Connor Brown in neutral zone.
0:40 of 2nd period - Wrist shot by Mavrik Bourque.
0:40 of 2nd period - Stopped by Olivier Rodrigue with a rebound.
0:42 of 2nd period - Snap shot by Mavrik Bourque.
0:42 of 2nd period - Deflect By Riley Damiani.
0:42 of 2nd period - Deflect By Cam Dineen.
0:42 of 2nd period - Shot Misses the Net.
0:42 of 2nd period - Puck is out of play.
0:43 of 2nd period - Wyatt Johnston wins face-off versus Connor Brown in Bakersfield Condors zone.
1:22 of 2nd period - Snap shot by Xavier Bourgault.
1:22 of 2nd period - Shot Misses the Net.
1:24 of 2nd period - Snap shot by Ty Tullio.
1:24 of 2nd period - Shot Blocked by Thomas Harley.
1:26 of 2nd period - Slapshot by Philip Kemp.
1:26 of 2nd period - Shot Blocked by Derrick Pouliot.
1:34 of 2nd period - Slapshot by Xavier Bourgault.
1:34 of 2nd period - Shot Misses the Net.
1:36 of 2nd period - Slapshot by Ty Tullio.
1:36 of 2nd period - Shot Misses the Net.
1:38 of 2nd period - Wrist shot by Connor Brown.
1:38 of 2nd period - Shot Blocked by Oskar Back.
1:40 of 2nd period - Snap shot by Connor Brown.
1:40 of 2nd period - Shot Misses the Net.
1:42 of 2nd period - Slapshot by Cam Dineen.
1:42 of 2nd period - Stopped by Aaron Dell without a rebound.
1:43 of 2nd period - Greg McKegg wins face-off versus Wyatt Johnston in Texas Stars zone.
1:46 of 2nd period - Wrist shot by Raphael Lavoie.
1:46 of 2nd period - Stopped by Aaron Dell without a rebound.
1:47 of 2nd period - Greg McKegg wins face-off versus Wyatt Johnston in Texas Stars zone.
1:58 of 2nd period - Snap shot by Raphael Lavoie.
1:58 of 2nd period - Stopped by Aaron Dell without a rebound.
1:59 of 2nd period - Greg McKegg wins face-off versus Oskar Back in Texas Stars zone.
2:12 of 2nd period - Snap shot by Wyatt Johnston.
2:12 of 2nd period - Shot Misses the Net.
2:14 of 2nd period - Slapshot by Thomas Harley.
2:14 of 2nd period - Shot Misses the Net.
2:48 of 2nd period - Wyatt Johnston is hit by Xavier Bourgault and loses puck.
3:15 of 2nd period - Wrist shot by Fredrik Karlstrom.
3:15 of 2nd period - Stopped by Olivier Rodrigue without a rebound.
3:16 of 2nd period - Connor Brown wins face-off versus Fredrik Karlstrom in Bakersfield Condors zone.
3:22 of 2nd period - Off-side.
3:23 of 2nd period - Connor Brown wins face-off versus Fredrik Karlstrom in neutral zone.
3:27 of 2nd period - Off-side.
3:28 of 2nd period - Drake Caggiula wins face-off versus Wyatt Johnston in neutral zone.
3:31 of 2nd period - Slapshot by Xavier Bourgault.
3:31 of 2nd period - Shot Blocked by Derrick Pouliot.
3:37 of 2nd period - Noah Philp is hit by Riley Damiani and loses puck.
3:55 of 2nd period - Minor Penalty to Josiah Slavin for Holding.
3:56 of 2nd period - Noah Philp wins face-off versus Wyatt Johnston in Texas Stars zone.
4:05 of 2nd period - Slapshot by Alex Galchenyuk.
4:05 of 2nd period - Shot Blocked by Noel Hoefenmayer.
4:11 of 2nd period - Snap shot by Alex Galchenyuk.
4:11 of 2nd period - Goal by Alex Galchenyuk - Texas Stars : 1 - Bakersfield Condors : 1.
4:12 of 2nd period - Wyatt Johnston wins face-off versus Noah Philp in neutral zone.
4:21 of 2nd period - Snap shot by Xavier Bourgault.
4:21 of 2nd period - Stopped by Aaron Dell with a rebound.
4:23 of 2nd period - Slapshot by Noel Hoefenmayer.
4:23 of 2nd period - Goal by Noel Hoefenmayer - Texas Stars : 1 - Bakersfield Condors : 2.
4:24 of 2nd period - Wyatt Johnston wins face-off versus Drake Caggiula in neutral zone.
4:52 of 2nd period - Wrist shot by Connor Brown.
4:52 of 2nd period - Shot Misses the Net.
10:23 of 2nd period - Greg McKegg is hit by Scott Reedy.
10:55 of 2nd period - Philip Kemp is hit by Scott Reedy and loses puck.
14:15 of 2nd period - Alexander Petrovic is hit by Carter Savoie and loses puck.
17:32 of 2nd period - Wrist shot by Scott Reedy.
17:32 of 2nd period - Shot Misses the Net.
19:54 of 2nd period - Icing by Alex Peters.
19:55 of 2nd period - Fredrik Karlstrom wins face-off versus Carter Savoie in Texas Stars zone.
Goals for this period are 1 for Texas Stars vs 2 for Bakersfield Condors.
Shots for this period are 3 for Texas Stars vs 7 for Bakersfield Condors.

3rd period


0:01 of 3rd period - Drake Caggiula wins face-off versus Wyatt Johnston in neutral zone.
0:06 of 3rd period - Snap shot by Xavier Bourgault.
0:06 of 3rd period - Shot Misses the Net.
0:08 of 3rd period - Snap shot by Drake Caggiula.
0:08 of 3rd period - Stopped by Aaron Dell with a rebound.
0:10 of 3rd period - Wrist shot by Drake Caggiula.
0:10 of 3rd period - Shot Blocked by Mavrik Bourque.
0:12 of 3rd period - Snap shot by Noah Philp.
0:12 of 3rd period - Deflect By Drake Caggiula.
0:12 of 3rd period - Deflect By Wyatt Johnston.
0:12 of 3rd period - Shot Blocked by Wyatt Johnston.
0:12 of 3rd period - Puck is out of play.
0:13 of 3rd period - Drake Caggiula wins face-off versus Wyatt Johnston in Texas Stars zone.
0:16 of 3rd period - Snap shot by Drake Caggiula.
0:16 of 3rd period - Shot Misses the Net.
0:18 of 3rd period - Slapshot by Drake Caggiula.
0:18 of 3rd period - Shot Blocked by Mavrik Bourque.
0:22 of 3rd period - Wrist shot by Drake Caggiula.
0:22 of 3rd period - Shot Misses the Net.
0:24 of 3rd period - Snap shot by Drake Caggiula.
0:24 of 3rd period - Stopped by Aaron Dell with a rebound.
0:26 of 3rd period - Slapshot by Markus Niemelainen.
0:26 of 3rd period - Stopped by Aaron Dell with a rebound.
0:28 of 3rd period - Backhand shot by Philip Broberg.
0:28 of 3rd period - Deflect By Thomas Harley.
0:28 of 3rd period - Stopped by Aaron Dell with a rebound.
0:55 of 3rd period - Drake Caggiula is hit by Alex Galchenyuk and loses puck.
1:12 of 3rd period - Wrist shot by Fredrik Karlstrom.
1:12 of 3rd period - Shot Misses the Net.
1:14 of 3rd period - Slapshot by Joel Hanley.
1:14 of 3rd period - Shot Misses the Net.
1:16 of 3rd period - Slapshot by Antonio Stranges.
1:16 of 3rd period - Stopped by Olivier Rodrigue with a rebound.
1:36 of 3rd period - Wrist shot by Seth Griffith.
1:36 of 3rd period - Shot Blocked by Josiah Didier.
1:48 of 3rd period - Wrist shot by Seth Griffith.
1:48 of 3rd period - Shot Blocked by Josiah Didier.
1:50 of 3rd period - Backhand shot by Xavier Bourgault.
1:50 of 3rd period - Stopped by Aaron Dell without a rebound.
1:51 of 3rd period - Nicholas Caamano wins face-off versus Xavier Bourgault in Texas Stars zone.
1:51 of 3rd period - Nicholas Caamano is hit by Markus Niemelainen.
2:00 of 3rd period - Minor Penalty to Ty Tullio for Holding.
2:01 of 3rd period - Wyatt Johnston wins face-off versus Raphael Lavoie in Bakersfield Condors zone.
2:03 of 3rd period - Snap shot by Mavrik Bourque.
2:03 of 3rd period - Goal by Mavrik Bourque - Texas Stars : 2 - Bakersfield Condors : 2.
2:04 of 3rd period - Wyatt Johnston wins face-off versus Connor Brown in neutral zone.
2:13 of 3rd period - Snap shot by Wyatt Johnston.
2:13 of 3rd period - Goal by Wyatt Johnston - Texas Stars : 3 - Bakersfield Condors : 2.
2:14 of 3rd period - Oskar Back wins face-off versus Xavier Bourgault in neutral zone.
2:23 of 3rd period - Wrist shot by Xavier Bourgault.
2:23 of 3rd period - Stopped by Aaron Dell with a rebound.
2:29 of 3rd period - Wrist shot by Connor Brown.
2:29 of 3rd period - Shot Blocked by Derrick Pouliot.
2:47 of 3rd period - Thomas Harley is hit by Noah Philp and loses puck.
3:35 of 3rd period - Snap shot by Wyatt Johnston.
3:35 of 3rd period - Shot Misses the Net.
3:43 of 3rd period - Snap shot by Wyatt Johnston.
3:43 of 3rd period - Shot Blocked by Cam Dineen.
3:45 of 3rd period - Wrist shot by Derrick Pouliot.
3:45 of 3rd period - Shot Misses the Net.
3:47 of 3rd period - Slapshot by Thomas Harley.
3:47 of 3rd period - Shot Blocked by Cam Dineen.
3:49 of 3rd period - Snap shot by Wyatt Johnston.
3:49 of 3rd period - Stopped by Olivier Rodrigue with a rebound.
3:51 of 3rd period - Snap shot by Alex Galchenyuk.
3:51 of 3rd period - Goal by Alex Galchenyuk - Texas Stars : 4 - Bakersfield Condors : 2.
3:51 of 3rd period - Calvin Pickard enters game.
3:52 of 3rd period - Scott Reedy wins face-off versus Connor Brown in neutral zone.
4:43 of 3rd period - Joel Hanley is hit by Noah Philp.
4:49 of 3rd period - Wrist shot by James Hamblin.
4:49 of 3rd period - Stopped by Aaron Dell with a rebound.
5:05 of 3rd period - Fredrik Karlstrom is hit by Cam Dineen and loses puck.
6:35 of 3rd period - Fredrik Karlstrom is hit by Noah Philp and loses puck.
7:39 of 3rd period - Raphael Lavoie is hit by Wyatt Johnston and loses puck.
9:47 of 3rd period - Derrick Pouliot is hit by Connor Brown and loses puck.
11:31 of 3rd period - Minor Penalty to Philip Kemp for Interference.
11:32 of 3rd period - Wyatt Johnston wins face-off versus Raphael Lavoie in Bakersfield Condors zone.
11:33 of 3rd period - Wrist shot by Mavrik Bourque.
11:33 of 3rd period - Deflect By Wyatt Johnston.
11:33 of 3rd period - Shot Blocked by Noel Hoefenmayer.
11:33 of 3rd period - Puck is out of play.
11:34 of 3rd period - Wyatt Johnston wins face-off versus Raphael Lavoie in Bakersfield Condors zone.
12:18 of 3rd period - James Hamblin is hit by Wyatt Johnston.
13:25 of 3rd period - Alexander Petrovic is hit by James Hamblin and loses puck.
13:31 of 3rd period - Penalty to Philip Kemp is over, Philip Kemp is back on ice.
15:05 of 3rd period - Derrick Pouliot is hit by Noel Hoefenmayer and loses puck.
15:56 of 3rd period - Mavrik Bourque is hit by Ty Tullio and loses puck.
18:59 of 3rd period - Snap shot by Wyatt Johnston.
18:59 of 3rd period - Shot Misses the Net.
19:10 of 3rd period - Icing by Fredrik Karlstrom.
19:11 of 3rd period - Wyatt Johnston wins face-off versus Ty Tullio in Texas Stars zone.
19:18 of 3rd period - Noel Hoefenmayer is hit by Aarne Talvitie.
Goals for this period are 3 for Texas Stars vs 0 for Bakersfield Condors.
Shots for this period are 5 for Texas Stars vs 7 for Bakersfield Condors.